 Dungeon Crawl Stone Soup version 0.28.0 (webtiles) character file.

Game seed: 48045299727824107

13 Findor the Bolt Thrower (level 2, 0/17 HPs)
             Began as a Kobold Hunter on Feb 14, 2022.
             Succumbed to an adder's poison
             ... on level 2 of the Dungeon.
             The game lasted 00:00:42 (1092 turns).

Findor the Bolt Thrower (Kobold Hunter)             Turns: 1092, Time: 00:00:43

Health: 0/17       AC:  3    Str:  9    XL:     2   Next: 50%
Magic:  2/2        EV: 14    Int: 12    God:
Gold:   23         SH:  0    Dex: 15    Spells: 1/1 levels left

rFire   . . .      SeeInvis .   b - +0 short sword
rCold   . . .      Faith    .   (no shield)
rNeg    . . .      Spirit   .   c - +0 leather armour
rPois   .          Reflect  .   (no helmet)
rElec   .          Harm     .   (no cloak)
rCorr   .          Rampage  .   (no gloves)
Will    .....                   (no boots)
Stlth   +++.......              (no amulet)
HPRegen 0.05/turn               (no ring)
MPRegen 0.08/turn               (no ring)

@: lethally poisoned (0 -> -6)
A: small, no large weapons, nightstalker 3
a: no special abilities


You were on level 2 of the Dungeon.
You visited 1 branch of the dungeon, and saw 2 of its levels.

You collected 23 gold pieces.


Innate Abilities, Weirdness & Mutations

You are small and have problems with some larger weapons.
You are completely attuned to the shadows.


   Skills:
 - Level 2.1 Fighting
 * Level 2.1 Short Blades
 - Level 4.8 Crossbows
 - Level 2.4 Dodging
 + Level 2.2 Stealth


You had one spell level left.
You didn't know any spells.
Your spell library contained the following spells:

 Spells                   Type           Power      Damage    Failure   Level
 Summon Forest            Summ/Tloc      0%         N/A       100%        5
 Summon Mana Viper        Hex/Summ       0%         N/A       100%        5
 Summon Cactus Giant      Summ           0%         N/A       100%        6

Inventory:

Hand Weapons
 a - a +1 hand crossbow
 b - a +0 short sword (weapon)
Missiles
 d - 20 bolts
Armour
 c - a +0 leather armour (worn)
Scrolls
 f - a scroll of identify {unknown}
 h - a scroll of teleportation {unknown}
 i - a scroll of fog {unknown}
Potions
 e - a potion of degeneration {unknown}
 g - a potion of curing {unknown}


Message History

There is a stone staircase leading down here.
You climb downwards.
There is a stone staircase leading up here.
Found a scroll labelled JICZYF JOM MAT.
i - a scroll labelled JICZYF JOM MAT As you open the door, it creaks loudly!
A bat and an endoplasm come into view.
The endoplasm quivers.
You hit the bat. The bat barely misses you.
An adder comes into view.
The adder hisses angrily.
You hit the endoplasm. The endoplasm misses you.
You hit the endoplasm but do no damage. The endoplasm closely misses you.
You hit the endoplasm. The endoplasm closely misses you.
You hit the endoplasm.
You kill the endoplasm!
The bat closely misses you. The bat misses you. The adder closely misses you.
The adder bites you but does no damage.
There is an open door here.
You miss the adder. The adder misses you.
You closely miss the adder. The bat hits you. The adder closely misses you.
The bat misses you.
You miss the bat. The bat hits you. The adder closely misses you.
The adder bites you. The bat misses you.
You hit the bat but do no damage. The bat hits you but does no damage.
An endoplasm comes into view.
The adder misses you.
The endoplasm quivers.
You hit the adder. The bat closely misses you. The bat hits you.
The adder bites you.
You are poisoned.
The adder poisons you!
You hit the bat but do no damage.
You feel sick. The bat hits you. The adder completely misses you.
The bat misses you.
You closely miss the bat.
You feel sick. The bat hits you.
* * * LOW HITPOINT WARNING * * *
The adder closely misses you. The bat hits you but does no damage.
The adder barely misses you.
Unknown command.
Unknown command.
Unknown command.
You miss the bat.
You feel sick. The bat barely misses you. The bat closely misses you.
The adder bites you.
* * * LOW HITPOINT WARNING * * *
You are more poisoned.
The adder poisons you! The endoplasm barely misses you.
You hit the bat.
You kill the bat!
You die...

.... ....
....
####....
#.†@S...
###.##J...
#.....#...
#.#.#.#.##
#.#.#.# #
#.#.# #
#.#.. #.#
#####
#.###...###


You could see an adder and an endoplasm.

Vanquished Creatures
  A dart slug (D:1)
  A bat (D:2)
  3 endoplasms
  A giant cockroach (D:1)
  A quokka (D:1)
  A ball python (D:1)
  2 frilled lizards (D:1)
  2 rats (D:1)
12 creatures vanquished.

Notes
Turn   | Place    | Note
-------+----------+-------------------------------------------
     0 | D:1      | Findor the Kobold Hunter began the quest for the Orb.
     0 | D:1      | Reached XP level 1. HP: 12/12 MP: 1/1
   353 | D:1      | Reached skill level 1 in Short Blades
   561 | D:1      | Reached XP level 2. HP: 17/17 MP: 2/2
  1091 | D:2      | HP: 2/17 [adder (4)]
  1092 | D:2      | Succumbed to an adder's poison

Levels and vault maps discovered:
D:1:      matt_arrival_los_fun, layout_basic
D:2:      layout_basic

Action                   || total
-------------------------++-------
Melee: Short sword       ||    39
 Stab: Sleeping          ||     5
Armor: Leather armour    ||     5
Dodge: Dodged            ||    33
